 Dungeon Crawl Stone Soup version 0.30.1-4-g462c640d31 (webtiles) character file.

Game seed: 10169974146684047873

6247 monsoonserge the Wallflower (level 10, -5/79 HPs)
             Began as a Demonspawn Monk on Sept 19, 2023.
             Was a Follower of Uskayaw.
             Slain by a two-headed ogre
             ... wielding a +0 giant spiked club
              (23 damage)
             ... on level 10 of the Dungeon.
             The game lasted 00:36:40 (9779 turns).

monsoonserge the Wallflower (Demonspawn Monk)       Turns: 9779, Time: 00:36:41

Health: -5/79      AC: 17    Str: 21    XL:     10   Next: 62%
Magic:  6/15       EV:  6    Int: 12    God:    Uskayaw [*.....]
Gold:   233        SH:  0    Dex: 22    Spells: 9/9 levels left

rFire   + . .        J - +6 rapier "Beguofut" {flame, *Corrode rPois Str+4}
rCold   + . .        d - orb {light}
rNeg    . . .        C - +0 gold dragon scales
rPois   +            (helmet restricted)
rElec   .            (no cloak)
rCorr   .            (no gloves)
SInv    +            g - +0 pair of boots
Will    .....        h - amulet of the acrobat Stlth
                     O - ring of see invisible
HPRegen 0.33/turn    a - +6 ring of strength
MPRegen 0.14/turn

%: corrode self (3%), acrobat
@: glowing
A: antennae 1, thin skeletal structure 1, foul stench 1, powered by pain 2
a: Renounce Religion, Stomp


You were on level 10 of the Dungeon.
You worshipped Uskayaw.
Uskayaw was noncommittal.
You visited 2 branches of the dungeon, and saw 11 of its levels.

You collected 594 gold pieces.
You spent 361 gold pieces at shops.

Inventory:

Hand Weapons
 v - a +2 vampiric dagger
 J - the +6 rapier "Beguofut" (weapon) {flame, *Corrode rPois Str+4}
   (You bought it in a shop on level 8 of the Dungeon)

   Str:       It affects your strength (+4).
   rPois:     It protects you from poison.
   *Corrode:  It may corrode you when you take damage.
 Q - a +4 scimitar
Missiles
 l - 13 poisoned darts (quivered)
 B - 2 throwing nets
 I - a curare-tipped dart
Armour
 b - a +0 robe
 d - an orb of light (worn)
 g - a +0 pair of boots (worn)
 o - a scarf of invisibility
 r - a +0 ring mail
 C - +0 gold dragon scales (worn)
 L - a +0 chain mail
Magical Staves
 u - a staff of fire
Jewellery
 a - a +6 ring of strength (right hand)
 h - an amulet of the acrobat (around neck)
 x - a ring of poison resistance
 H - an amulet of reflection
 M - a ring of wizardry
 O - a ring of see invisible (left hand)
Wands
 e - a wand of paralysis (4)
 G - a wand of digging (4)
 K - a wand of iceblast (9)
Scrolls
 j - 5 scrolls of teleportation
 n - a scroll of torment
 p - 4 scrolls of vulnerability
 s - a scroll of enchant armour
 y - a scroll of fog
 z - a scroll of blinking
 F - 2 scrolls of magic mapping
 N - 3 scrolls of immolation
Potions
 c - a potion of ambrosia
 f - 4 potions of heal wounds
 i - a potion of haste
 k - 5 potions of brilliance {unknown}
 m - a potion of mutation {unknown}
 q - 2 potions of might
 t - a potion of attraction {unknown}
 w - a potion of curing {unknown}
 D - 3 potions of flight
 E - a potion of invisibility {unknown}
 P - a potion of resistance
Miscellaneous
 A - a piece from Xom's chessboard (15/15)


   Skills:
 + Level 7.0 Fighting
 + Level 6.2(7.0) Short Blades
 + Level 4.6(6.1) Long Blades
 + Level 0.7 Throwing
 + Level 7.5 Armour
 + Level 5.4 Dodging
 + Level 2.9 Stealth
 + Level 3.0 Shields
 * Level 7.8 Invocations


You had 9 spell levels left.
You didn't know any spells.
Your spell library contained the following spells:

 Spells                   Type           Power      Damage    Failure   Level
 Kiss of Death            Conj/Necr      0%         2d5       100%        1
 Shock                    Conj/Air       0%         1d3       100%        1
 Slow                     Hex            0%         N/A       100%        1
 Summon Small Mammal      Summ           0%         N/A       100%        1
 Cigotuvi's Dreadful Rot  Necr/Pois/Air  0%         N/A       100%        2
 Call Canine Familiar     Summ           0%         N/A       100%        3
 Confusing Touch          Hex            0%         N/A       100%        3
 Inner Flame              Hex/Fire       0%         N/A       100%        3
 Portal Projectile        Hex/Tloc       0%         N/A       100%        3
 Summon Guardian Golem    Hex/Summ       0%         N/A       100%        3
 Swiftness                Air            0%         N/A       100%        3
 Tukima's Dance           Hex            0%         N/A       100%        3
 Vampiric Draining        Necr           0%         2d6       100%        3
 Airstrike                Air            0%         2d(0-16)  100%        4
 Dispel Undead            Necr           0%         3d6       100%        4
 Blade Hands              Tmut           0%         N/A       100%        5
 Yara's Violent Unravell  Hex/Tmut       0%         3d3       100%        5
 Death Channel            Necr           0%         N/A       100%        6
 Enfeeble                 Hex            0%         N/A       100%        7


Dungeon Overview and Level Annotations

Branches:
Dungeon (10/15)            Temple (1/1) D:7
   Lair: D:8-11         Orc: D:9-12

Altars:
Ashenzari
Cheibriados
Dithmenos
Fedhas
Gozag
Hepliaklqana
Kikubaaqudgha
Makhleb
Nemelex Xobeh
Okawaru
Ru
Sif Muna
Trog
Uskayaw
Vehumet
Wu Jian
Xom
Yredelemnul

Shops:
D:2 (   D:4 *:[*!   D:8 (


Innate Abilities, Weirdness & Mutations

You have a pair of small antennae on your head.
You have a somewhat thin skeletal structure. (Dex +2, Stealth+)
You may rarely emit foul miasma when damaged in melee.
You sometimes gain power by taking damage.


Message History

Things that are here:
a +0 dagger; a +0 robe; an orc corpse A two-headed ogre comes into view.
It is wielding a +0 giant spiked club and a +0 giant club.
The two-headed ogre shouts in stereo!
You see here a +0 ring mail.
You barely miss the two-headed ogre.
The two-headed ogre hits you with a +0 giant spiked club!!
The two-headed ogre hits you with a +0 giant club!
You hear a shout!
You hit the two-headed ogre. You burn the two-headed ogre.
The two-headed ogre is lightly wounded.
You puncture the two-headed ogre! You burn the two-headed ogre.
The two-headed ogre is moderately wounded.
The two-headed ogre hits you with a +0 giant spiked club!
The two-headed ogre hits you with a +0 giant club!
* * * LOW HITPOINT WARNING * * *
You can now pass through a line of other dancers.
Unknown command.
Aiming: Line Pass
Press: ? - help, Dir - move target The two-headed ogre appears confused.
An orc comes into view. It is wielding a +0 flail.
You can no longer pass through a line of other dancers.
The orc shouts!
Unknown command.
You puncture the two-headed ogre! You burn the two-headed ogre.
The two-headed ogre is heavily wounded.
The two-headed ogre screams, "I'll kill you anyway!"
You puncture the two-headed ogre! You burn the two-headed ogre.
The two-headed ogre is severely wounded.
The two-headed ogre seems less confused.
You can now pass through a line of other dancers.
Press: ? - help, v - describe, . - travel
Here: a two-headed ogre, wielding a +0 giant spiked club and a +0 giant club (severely wounded, haloed)
The floor.
You stomp with the beat, sending a shockwave through the revellers around you!
The two-headed ogre is almost dead.
You can no longer pass through a line of other dancers.
The two-headed ogre hits you with a +0 giant spiked club!!
You die...

#[# #.########
#.....#..
##.###.#.#####.#
...............#
#.# #.o@......#
####.###.O...###.#
#..))..[.###.#
#.##.###.# .#
#.#..).#.# .# #
#........# ..
#.##....######..
#.........>......
####....########


You could see a two-headed ogre and an orc.

Vanquished Creatures
  Pikel (D:8)
  A troll (D:8)
  A shadow (D:9)
  A wraith (D:6)
  10 yaks
  A steam dragon (D:6)
  2 water moccasins
  A black bear (D:6)
  3 ice beasts
  An orc warrior (D:10)
  A sky beast (D:6)
  A centaur (D:9)
  An ogre (D:7)
  A lemure (D:9)
  3 phantoms
  A kobold brigand (D:7)
  4 bullfrogs
  3 gnoll sergeants
  2 scorpions (D:5)
  9 wights
  5 killer bees (D:9)
  3 howler monkeys
  2 jellies
  2 orc priests
  5 hounds
  3 gnoll boudas
  Natasha (thrice) (D:3)
  Terence (D:3)
  3 iguanas
  3 orc wizards
  A mummy (D:9)
  8 adders
  34 gnolls
  2 shadow imps
  4 white imps
  An ufetubus (D:7)
  2 adder skeletons (D:2)
  2 dart slugs
  15 orcs
  4 ball pythons
  6 bats
  2 bat skeletons (D:2)
  A bat zombie (D:2)
  5 endoplasms
  A giant cockroach (D:2)
  9 goblins
  5 hobgoblins
  11 kobolds
  3 quokkas
  2 ball python skeletons (D:2)
  2 frilled lizards (D:1)
  A giant cockroach zombie (D:2)
  A quokka zombie (D:2)
  2 rats
202 creatures vanquished.

Notes
Turn   | Place    | Note
-------+----------+-------------------------------------------
     0 | D:1      | monsoonserge the Demonspawn Monk began the quest for the
                  | Orb.
     0 | D:1      | Reached XP level 1. HP: 18/18 MP: 1/1
   120 | D:1      | Gained mutation: You may rarely emit foul miasma when
                  | damaged in melee. [demonic ancestry]
   120 | D:1      | Reached XP level 2. HP: 24/24 MP: 2/2
   595 | D:2      | Found Muvoj's Weapon Emporium.
   671 | D:2      | Reached XP level 3. HP: 21/29 MP: 3/3
  1051 | D:2      | Reached XP level 4. HP: 34/35 MP: 4/4
  1246 | D:3      | Found a sparkling altar of Nemelex Xobeh.
  1373 | D:3      | Noticed Natasha
  1382 | D:3      | Killed Natasha
  1713 | D:3      | Noticed Terence
  1721 | D:3      | Killed Terence
  1722 | D:3      | Gained mutation: You have a somewhat thin skeletal
                  | structure. (Dex +2, Stealth+) [demonic ancestry]
  1722 | D:3      | Reached XP level 5. HP: 35/42 MP: 5/5
  1755 | D:3      | Reached skill level 1 in Armour
  1755 | D:3      | Found a faded altar of an unknown god.
  1977 | D:3      | Noticed Natasha
  2009 | D:4      | Noticed a phantom
  2086 | D:3      | Killed Natasha
  2091 | D:3      | Noticed Natasha
  2106 | D:3      | Killed Natasha
  2315 | D:4      | Found Socow's Distillery.
  2331 | D:4      | Bought a potion of heal wounds for 55 gold pieces
  2347 | D:4      | Found Gozag's Platinum Reserve.
  2351 | D:4      | Found an opulent altar of Gozag.
  2381 | D:4      | Reached XP level 6. HP: 37/49 MP: 6/6
  2524 | D:4      | Reached skill level 1 in Short Blades
  2524 | D:4      | Found Zeteshat's General Store.
  2611 | D:4      | Bought a scroll of teleportation for 36 gold pieces
  2649 | D:5      | Entered Level 5 of the Dungeon
  2863 | D:4      | Gained mutation: You sometimes gain a little power by
                  | taking damage. [demonic ancestry]
  2863 | D:4      | Reached XP level 7. HP: 43/55 MP: 7/7
  3000 | D:4      | Found Dimylidd's Armour Shoppe.
  3046 | D:4      | Found Kearantos's Book Shop.
  3242 | D:4      | Reached skill level 5 in Fighting
  4113 | D:6      | Found a hide-covered altar of Uskayaw.
  4123 | D:6      | Reached XP level 8. HP: 36/63 MP: 8/8
  4159 | D:6      | Became a worshipper of Uskayaw the Reveller
  4159 | D:6      | Reached * piety under Uskayaw
  4237 | D:6      | Reached skill level 1 in Invocations
  4602 | D:5      | Reached ** piety under Uskayaw
  4925 | D:5      | Found a sacrificial altar of Ru.
  5325 | D:6      | Reached *** piety under Uskayaw
  5427 | D:6      | You fall into a shaft and drop 1 floor!
  5473 | D:7      | HP: 2/64 [gnoll/+0 whip[a gnoll sergeant] (4)]
  5697 | D:8      | Found Oluwk's Antique Weapon Boutique.
  5843 | D:7      | Reached **** piety under Uskayaw
  5850 | D:7      | Reached ***** piety under Uskayaw
  5868 | D:7      | Reached skill level 1 in Stealth
  5868 | D:7      | Gained mutation: You sometimes gain power by taking damage.
                  | [demonic ancestry]
  5868 | D:7      | Reached XP level 9. HP: 34/69 MP: 4/12
  5897 | D:7      | Reached skill level 5 in Armour
  6122 | D:8      | Bought a dazzling rapier for 270 gold pieces
  6122 | D:8      | Identified the +6 rapier "Beguofut" {flame, *Corrode rPois
                  | Str+4} (You bought it in a shop on level 8 of the Dungeon)
  6332 | D:6      | Reached skill level 1 in Shields
  6469 | D:6      | Reached skill level 5 in Dodging
  6469 | D:6      | Reached skill level 5 in Invocations
  6962 | D:7      | Reached skill level 5 in Short Blades
  7263 | D:7      | Found a staircase to the Ecumenical Temple.
  7272 | Temple   | Entered the Ecumenical Temple
  7474 | D:8      | Noticed a troll
  7485 | D:8      | Killed a troll
  7838 | D:8      | Noticed Pikel
  8125 | D:9      | Found a snail-covered altar of Cheibriados.
  8222 | D:9      | Gained mutation: You have a pair of small antennae on your
                  | head. [demonic ancestry]
  8222 | D:9      | Reached XP level 10. HP: 77/77 MP: 14/14
  8496 | D:8      | Killed Pikel
  8866 | D:8      | Found a hazy altar of Hepliaklqana.
  9556 | D:10     | Entered Level 10 of the Dungeon
  9656 | D:10     | Found a burning altar of Makhleb.
  9768 | D:10     | Noticed a two-headed ogre
  9779 | D:10     | Slain by a two-headed ogre

Illustrated notes

Levels and vault maps discovered:
D:1:      minmay_arrival_radiant_lines, layout_basic
D:2:      minmay_angry_zag, layout_rooms, serial_undead, serial_undead_a,
          serial_undead_d, serial_undead_d, serial_undead_a, serial_shops, shop
D:3:      layout_basic, old_standard_altar, chequers_ecumenical_altar_simple,
          uniq_natasha, uniq_terence
D:4:      layout_loops_ring, nicolae_gozag_zags_fifth_avenue, serial_shops,
          nicolae_shop_just_a_little_nook, shop, nicolae_square_shop,
          nicolae_shop_hallway_stairs
D:5:      layout_basic, overflow_temple_1_default, dk_noncrumbling_4
D:6:      layout_loops_ring, eat_drink_and_be_merry_uskayaw,
          hellmonk_bongcloud_opening, minmay_gold_behind_fungi
D:7:      layout_cave_pools, minmay_temple_entry_poolview,
          hangedman_abyss_or_decor_passed, corner_web_ring,
          chequers_hall_statues_y, kennysheep_generic_room_5
D:8:      layout_cave_pools, worldfamousw_hep_ancestral_shrine, serial_shops,
          shop, uniq_pikel
D:9:      layout_stronghold, slow_altar_2, zin_scriptorium
D:10:     minmay_the_grid_octo_tiled_squarecenter
          [minmay_the_grid_octo_concentric, minmay_the_grid_octo_shrine,
          minmay_the_grid_octo_chip, minmay_the_grid_octo_fat_diamond,
          minmay_the_grid_square_5x5_megaprize_checkered,
          minmay_the_grid_square_5x5_half_checkered,
          minmay_the_grid_square_5x5_two_walls_a,
          minmay_the_grid_square_5x5_spiral_small,
          minmay_the_grid_square_5x5_pentomino_r], layout_basic,
          mainiacjoe_overflow_brackets, grunt_qazlal_sundering
Temple:   nicolae_temple_god_jail

Skill      XL: |  1  2  3  4  5  6  7  8  9 10 |
---------------+-------------------------------+-----
Long Blades    | 3 4 |  4.6
Dodging        | 3 4 5 |  5.4
Fighting       | 4 5 6 7 |  7.0
Armour         | 1 2 3 4 6 7 |  7.5
Short Blades   | 1 3 4 5 6 |  6.2
Invocations    | 4 6 7 |  7.8
Stealth        | 1 2 |  2.9
Shields        | 2 3 |  3.0
Throwing       | |  0.7

Action                     |  1- 3 |  4- 6 |  7- 9 | 10-12 || total
---------------------------+-------+-------+-------+-------++-------
  Melee: Falchion          |    92 |    53 |       |       ||   145
         Short sword       |       |    28 |       |       ||    28
         Dagger            |       |   135 |   397 |       ||   532
         Rapier            |       |       |    87 |    66 ||   153
  Throw: Dart              |       |     2 |     8 |       ||    10
 Invoke: Stomp             |       |       |    18 |    15 ||    33
         Line Pass         |       |       |     1 |     2 ||     3
    Use: Scroll            |       |       |     1 |    12 ||    13
         Potion            |       |       |     1 |       ||     1
   Stab: Sleeping          |       |       |     1 |       ||     1
         Paralysed         |       |       |     9 |     2 ||    11
         Confused          |       |       |     1 |     1 ||     2
 Armour: Robe              |    19 |       |       |       ||    19
         Ring mail         |    17 |    60 |    98 |       ||   175
         Chain mail        |       |       |    28 |       ||    28
         Gold dragon scale |       |       |       |    46 ||    46
  Dodge: Dodged            |    96 |   122 |   271 |    39 ||   528
  Block: Orb               |       |       |    37 |    17 ||    54
         Reflection        |       |       |     3 |       ||     3
